 Dungeon Crawl Stone Soup version 0.25-a0-834-g55863b0b92 (webtiles) character file.

Game seed: 9918589662222764246, levelgen mode: deterministic

1619 kae the Ruffian (level 8, 0/59 HPs)
             Began as a White Draconian Transmuter on Apr 22, 2020.
             Was a Follower of Qazlal.
             Slain by a leopard gecko (1 damage)
             ... on level 5 of the Dungeon.
             The game lasted 00:09:19 (5805 turns).

kae the Ruffian (White Draconian Transmuter)        Turns: 5805, Time: 00:09:20

Health: 0/59       AC:  7    Str: 16    XL:     8   Next: 64%
Magic:  15/15      EV: 12    Int: 13    God:    Qazlal [*.....]
Gold:   147        SH:  2    Dex: 11    Spells: 6/16 levels left

rFire    . . .     SeeInvis .   f - +3 scythe (flame)
rCold    + . .     Gourm    .   (shield currently unavailable)
rNeg     . . .     Faith    .   (armour unavailable)
rPois    .         Spirit   .   (helmet restricted)
rElec    .         Reflect  .   b - +0 cloak {MR+}
rCorr    .         Harm     .   (no gloves)
MR       +....                  (no boots)
Stlth    +.........             (no amulet)
HPRegen  0.19/turn              (no ring)
MPRegen  0.14/turn              (no ring)

@: no status effects
A: breathe frost, unfitting armour, cold resistance 1, cold-blooded, AC +6
a: Breathe Frost, Renounce Religion


You were on level 5 of the Dungeon.
You worshipped Qazlal.
Qazlal was aware of your devotion.
You were not hungry.

You visited 1 branch of the dungeon, and saw 5 of its levels.
You also visited: Sewer.

You collected 147 gold pieces.

Inventory:

Hand Weapons
 f - a +3 scythe of flaming (weapon)
Missiles
 a - 43 arrows
Armour
 b - a +0 cloak of magic resistance (worn)
Jewellery
 o - a +3 ring of intelligence {unknown}
 p - a cursed amulet of inaccuracy
Scrolls
 e - 3 scrolls of teleportation
 h - a scroll of enchant weapon
 r - a scroll of remove curse {unknown}
 s - 2 scrolls of identify
Potions
 d - 2 potions of brilliance
 g - 2 potions of ambrosia
 i - 4 potions of curing
 j - 2 potions of flight
 k - a potion of might {unknown}
 l - a potion of mutation {unknown}
 m - a potion of lignification {unknown}
 q - a potion of invisibility {unknown}
Comestibles
 c - 6 rations


   Skills:
 - Level 1.1 Fighting
 - Level 1.7 Dodging
 * Level 7.9 Unarmed Combat
 + Level 4.9 Spellcasting
 + Level 5.3 Transmutations
 + Level 4.4 Invocations


You had 6 spell levels left.
You knew the following spells:

 Your Spells              Type           Power        Failure   Level  Hunger
a - Beastly Appendage     Tmut           ###...       2%          1    None
b - Sticks to Snakes      Tmut           ###.....     3%          2    ##.....
c - Spider Form           Tmut/Pois      ##........   19%         3    ###....
d - Ice Form              Ice/Tmut       ##......     54%         4    ####...

Your spell library contained the following spells:

 Spells                   Type           Power        Failure   Level  Hunger
 Blade Hands              Tmut           ###.......   52%         5    ######.


Dungeon Overview and Level Annotations

Branches:
Dungeon (5/15)             Temple (0/1) D:4           Sewer (visited)

Altars:
Fedhas
Hepliaklqana
Qazlal
Sif Muna


Innate Abilities, Weirdness & Mutations

You can breathe waves of freezing cold.
You can buffet flying creatures when you breathe cold.
Your icy white scales are hard. (AC +6)
You cannot fit into any form of body armour.
Your flesh is cold resistant. (rC+)
You are cold-blooded and may be slowed by cold attacks.


Message History

You barely miss the centaur.
The centaur is almost dead.
The hound bites you but does no damage. The centaur barely misses you.
The hound completely misses you. The leopard gecko misses you.
The centaur hits you with a +0 quarterstaff!
* * * LOW HITPOINT WARNING * * *
The hound completely misses you. The leopard gecko misses you.
The centaur hits you with a +0 quarterstaff.
* * * LOW HITPOINT WARNING * * *
You slash the centaur! You burn the centaur.
You kill the centaur!
Qazlal accepts your kill. The hound bites you.
* * * LOW HITPOINT WARNING * * *
You block the leopard gecko's attack. The hound bites you.
* * * LOW HITPOINT WARNING * * *
The leopard gecko bites you.
* * * LOW HITPOINT WARNING * * *
The hound misses you. The leopard gecko bites you.
You die...

#.# #####...........##
#..########...............## .
#........................##
..#..........................
............................
#.........................
#.............#####.......
...##.(.(.((l)§...#####.......
......(.....h@.†.........>....
....##.......○.........#.#####
.. #...#######.#####.#.# #
#.#.## #.# #†#.##### ...#..#
#.# #.#.....# ....#..# #.#
#)#####.# .....l#..######.#
#)#####.#
#...l.#..##.....#####<##....#
#.... #..##........#####....#


You could see a hound and a leopard gecko.

Vanquished Creatures
  Grinder (D:5)
  Sigmund (D:2)
  Eustachio (D:4)
  An ice beast (D:5)
  2 centaurs
  An ogre (D:4)
  A big kobold (Sewer)
  2 crimson imps (D:5)
  Crazy Yiuf (D:4)
  2 hounds (D:4)
  A jelly (D:5)
  2 orc priests
  An iguana (D:5)
  5 orc wizards (D:4)
  Terence (D:3)
  4 worker ants (D:5)
  A howler monkey skeleton (D:5)
  A worker ant zombie (D:5)
  7 adders
  2 river rats (Sewer)
  An adder skeleton (D:5)
  A dart slug (D:1)
  3 worms
  6 leopard geckos
  10 orcs
  7 bats
  8 giant cockroaches
  3 goblins
  6 hobgoblins
  4 jackals
  12 kobolds
  A quokka (D:2)
  6 frilled lizards
  A leopard gecko skeleton (D:5)
  A quokka skeleton (D:5)
  9 rats
117 creatures vanquished.

Notes
Turn   | Place    | Note
-------+----------+-------------------------------------------
     0 | D:1      | kae the Draconian Transmuter began the quest for the Orb.
     0 | D:1      | Reached XP level 1. HP: 16/16 MP: 3/3
   212 | D:1      | Reached XP level 2. HP: 19/23 MP: 3/5
   216 | D:1      | Learned a level 2 spell: Sticks to Snakes
  1021 | D:2      | Reached XP level 3. HP: 18/28 MP: 4/6
  1322 | D:2      | Noticed Sigmund
  1341 | D:2      | Killed Sigmund
  1341 | D:2      | Reached skill level 4 in Unarmed Combat
  1341 | D:2      | Reached XP level 4. HP: 8/35 MP: 1/8
  1341 | D:2      | Reached XP level 5. HP: 9/40 MP: 1/9
  1493 | D:2      | Learned a level 3 spell: Spider Form
  1498 | D:2      | Learned a level 4 spell: Ice Form
  1596 | D:2      | Found a shimmering blue altar of Sif Muna.
  1718 | D:2      | Found a hazy altar of Hepliaklqana.
  2153 | D:2      | Found a stormy altar of Qazlal.
  2494 | D:2      | Became a worshipper of Qazlal Stormbringer
  2636 | D:3      | Found a glowing drain.
  2659 | D:3      | Reached skill level 5 in Unarmed Combat
  2674 | Sewer    | Entered a sewer
  2889 | Sewer    | Reached skill level 1 in Invocations
  2889 | Sewer    | Reached XP level 6. HP: 38/47 MP: 8/10
  2972 | Sewer    | Found a glowing silver altar of Zin.
  3304 | D:3      | Found a blossoming altar of Fedhas.
  3329 | D:3      | Noticed Terence
  3351 | D:3      | Killed Terence
  3867 | D:4      | Found a runed translucent door.
  3868 | D:4      | Noticed Crazy Yiuf
  3880 | D:4      | Noticed Eustachio
  3903 | D:4      | Killed Eustachio
  3903 | D:4      | Reached skill level 6 in Unarmed Combat
  3903 | D:4      | Your scales start taking on an icy white colour.
  3903 | D:4      | Reached XP level 7. HP: 22/52 MP: 7/12
  3903 | D:4      | Gained mutation: Your flesh is cold resistant. (rC+) [White
                  | Draconian growth]
  4474 | D:4      | Reached * piety under Qazlal
  4561 | D:4      | Found a staircase to the Ecumenical Temple.
  4847 | D:4      | Killed Crazy Yiuf
  4945 | D:5      | Entered Level 5 of the Dungeon
  4953 | D:5      | Noticed Grinder
  4958 | D:5      | Killed Grinder
  4958 | D:5      | Reached skill level 7 in Unarmed Combat
  4958 | D:5      | Reached XP level 8. HP: 50/59 MP: 14/14
  5290 | D:5      | Reached skill level 5 in Transmutations
  5805 | D:5      | HP: 2/59 [hound (5)]
  5805 | D:5      | Slain by a leopard gecko

Levels and vault maps discovered:
D:1:      lordsloth_arrival_two_stooges, layout_basic
D:2:      layout_loops_corners, lemuel_coloured_pillars_altar,
          nicolae_qazlal_general_emergency, lemuel_doored_altar, first_ration,
          minmay_misc_feat_nine_boxes, hangedman_decor_growths, uniq_sigmund
D:3:      layout_rooms, overflow_temple_1_default, gup_sewer_entry_glass,
          uniq_terence
D:4:      layout_cave_pools, minmay_temple_entry_junction,
          uniq_crazy_yiuf_cottage, uniq_eustachio
D:5:      layout_basic, kennysheep_mini_moat, led_xom_imps, minmay_bent,
          uniq_grinder

Skill      XL: |  1  2  3  4  5  6  7  8 |
---------------+-------------------------+-----
Unarmed Combat | 4 5 6 7 |  7.9
Spellcasting   | 3 4 |  4.9
Transmutations | 3 4 5 |  5.3
Invocations    | 1 2 3 4 |  4.4
Fighting       | |  1.1
Dodging        | |  1.7

Action                   |  1- 3 |  4- 6 |  7- 9 || total
-------------------------+-------+-------+-------++-------
Melee: Unarmed           |   101 |    61 |    55 ||   217
       Tailslap          |     9 |     6 |     9 ||    24
       Kick              |     3 |     4 |       ||     7
       Punch             |     3 |       |       ||     3
       Headbutt          |     3 |       |       ||     3
       Scythe            |       |   107 |    77 ||   184
 Cast: Beastly Appendage |    18 |    13 |       ||    31
       Sticks to Snakes  |     2 |       |       ||     2
       Spider Form       |       |     6 |    11 ||    17
 Abil: Breathe Frost     |       |       |     1 ||     1
  Use: Scroll            |     4 |     6 |     1 ||    11
       Potion            |       |     1 |     1 ||     2
 Stab: Sleeping          |     1 |     1 |       ||     2
       Distracted        |     1 |       |       ||     1
  Eat: Chunk             |     2 |     6 |     5 ||    13
       Ration            |       |     1 |     1 ||     2
Armor: Skin              |    33 |    63 |    35 ||   131
Dodge: Dodged            |    77 |   168 |   133 ||   378
Block: Other             |       |       |    11 ||    11

Table legend:
 A = Non-vault XP
 B = Vault XP
 C = Vault XP percentage of total XP
 D = Non-vault monster count
 E = Vault monster count
 F = Vault count percentage of total count
                 A         B        C        D         E       F
            +---------+---------+-------+---------+---------+-------
      Total |    1335 |     979 |  42.3 |      95 |      22 |  18.8
            +---------+---------+-------+---------+---------+-------
        D:1 |      37 |       0 |   0.0 |      21 |       0 |   0.0
        D:2 |      66 |     171 |  72.2 |      22 |       1 |   4.3
        D:3 |      57 |      51 |  47.2 |      11 |       3 |  21.4
        D:4 |     590 |     247 |  29.5 |      22 |       2 |   8.3
        D:5 |     585 |     375 |  39.1 |      19 |       5 |  20.8
      Sewer |       0 |     135 | 100.0 |       0 |      11 | 100.0
            +---------+---------+-------+---------+---------+-------
